 Dungeon Crawl Stone Soup version 0.29-a0-775-g4d7333d4e2 (webtiles) character file.

Game seed: 394344375259438638

13295 gobodom the Thaumaturge (level 11, -1/79 HPs)
             Began as a Demonspawn Hedge Wizard on July 2, 2022.
             Was a High Priest of Jiyva.
             Slain by a blink frog (9 damage)
             ... on level 1 of the Lair of Beasts.
             The game lasted 00:56:31 (10123 turns).

gobodom the Thaumaturge (Demonspawn Hedge Wizard)  Turns: 10123, Time: 00:56:34

Health: -1/79      AC: 10    Str: 14    XL:     11   Next: 73%
Magic:  20/24      EV: 18    Int: 19    God:    Jiyva [*****.]
Gold:   537        SH:  0    Dex: 13    Spells: 20/28 levels left

rFire   + . .      SeeInvis .   u - +3 dagger (drain)
rCold   . . .      Faith    .   (no shield)
rNeg    . . .      Spirit   .   P - +2 robe
rPois   +          Reflect  .   c - +0 hat
rElec   .          Harm     .   B - +1 cloak "Gumoijal" {rPois Str+3}
rCorr   +          Rampage  .   (gloves unavailable)
Will    .....                   (no boots)
Stlth   +++.......              m - amulet of regeneration
HPRegen 2.47/turn               h - ring of wizardry
MPRegen 0.64/turn               f - ring of protection from fire

@: no status effects
A: slimy green scales 1, foul stench 2, weakness stinger 1, claws 3, eyeballs 1,
gelatinous body 3, pseudopods 1, tendrils, jelly absorbing missiles
a: Renounce Religion, Oozemancy, Slimify


You were on level 1 of the Lair of Beasts.
You worshipped Jiyva.
Jiyva was extremely pleased with you.
You visited 2 branches of the dungeon, and saw 12 of its levels.

You collected 537 gold pieces.

Inventory:

Hand Weapons
 o - a +0 hand axe of draining
 p - a +1 mace of protection
 u - a +3 dagger of draining (weapon)
 A - a +1 whip of flaming
 F - a +0 shortbow of freezing
 J - a +1 vorpal flail
 K - a +0 spear of freezing
 N - a +2 dagger of venom
 Q - a +3 scimitar
Missiles
 w - a throwing net
 L - a curare-tipped dart
 O - a boomerang of dispersal
 R - 5 silver javelins
Armour
 c - a +0 hat (worn)
 q - a +2 chain mail of cold resistance
 B - the +1 cloak "Gumoijal" (worn) {rPois Str+3}
   (You found it on level 8 of the Dungeon)

   Str:       It affects your strength (+3).
   rPois:     It protects you from poison.
 I - +0 acid dragon scales
 P - a +2 robe (worn)
Jewellery
 f - a ring of protection from fire (right claw)
 h - a ring of wizardry (left claw)
 m - an amulet of regeneration (around neck)
 t - a ring of ice
 y - an amulet of guardian spirit
Wands
 s - a wand of iceblast (11)
 z - a wand of flame (27)
 C - a wand of polymorph (7)
 D - a wand of light (6)
Scrolls
 b - a scroll of torment {unknown}
 e - a scroll of fog
 i - 3 scrolls of magic mapping
 j - 5 scrolls of teleportation
 v - 3 scrolls of amnesia
 x - a scroll of summoning {unknown}
 G - a scroll of vulnerability {unknown}
Potions
 a - 3 potions of might
 d - a potion of magic
 g - 2 potions of haste
 k - 3 potions of attraction
 l - 3 potions of heal wounds
 n - 2 potions of invisibility
 r - 2 potions of curing
 E - a potion of mutation
 H - a potion of degeneration {unknown}
 M - a potion of flight


   Skills:
 + Level 5.1 Fighting
 + Level 6.8 Short Blades
 + Level 0.5 Axes
 + Level 7.0 Dodging
 + Level 6.2 Stealth
 + Level 9.4 Spellcasting
 + Level 8.3 Conjurations
 + Level 3.6 Summonings
 + Level 1.6 Translocations
 + Level 1.8 Air Magic
 + Level 2.0 Poison Magic
 + Level 0.2 Evocations


You had 20 spell levels left.
You knew the following spells:

 Your Spells              Type           Power      Damage    Failure   Level
a - Magic Dart            Conj           100%       1d8       1%          1
b - Blink                 Tloc           30%        N/A       2%          2
c - Call Imp              Summ           22%        N/A       1%          2
d - Mephitic Cloud        Conj/Pois/Air  24%        N/A       1%          3

Your spell library contained the following spells:

 Spells                   Type           Power      Damage    Failure   Level
 Apportation              Tloc           30%        N/A       1%          1
 Summon Small Mammal      Summ           88%        N/A       1%          1
 Conjure Flame            Conj/Fire      24%        6-21      1%          3
 Necrotize                Necr           32%        1d5       3%          1
 Slow                     Hex            32%        N/A       3%          1


Dungeon Overview and Level Annotations

Branches:
Dungeon (11/15)            Temple (0/1) D:6            Lair (1/6) D:8
    Orc: D:9-12

Altars:
Ashenzari
Dithmenos
Elyvilon
Fedhas
Hepliaklqana
Kikubaaqudgha
Nemelex Xobeh
Uskayaw
Vehumet
Wu Jian
Jiyva

Shops:
D:10 *

Annotations:
D:9 3 runed translucent doors, exclusion: obsidian statue


Innate Abilities, Weirdness & Mutations

You are partially covered in slimy green scales. (AC +2)
You sometimes emit foul miasma when damaged in melee.
You have a small tail.
You have claws for hands.
Your body has grown eyes which may confuse attackers. (Acc +3)
Your gelatinous body deflects attacks. (AC +3, EV +3)
Armour fits poorly on your pseudopods.
You are covered in slimy tendrils that may disarm your opponents.
You have a small jelly attached to you that may absorb projectiles.


Message History

The komodo dragon bites the blink frog!!
The magic dart hits the komodo dragon.
The komodo dragon is moderately wounded.
The blink frog blinks! x2
The komodo dragon barely misses the blink frog.
The magic dart hits the komodo dragon.
The komodo dragon is moderately wounded.
The blink frog hits you. The komodo dragon barely misses you.
The magic dart hits the komodo dragon.
The komodo dragon is moderately wounded.
The komodo dragon seems less confused.
The blink frog blinks!
The blink frog hits you.
The blink frog blinks!
The komodo dragon bites you but does no damage.
The magic dart hits the komodo dragon.
The komodo dragon is moderately wounded.
The komodo dragon bites you!
You emit a cloud of foul miasma!
The blink frog completely misses you.
The magic dart hits the komodo dragon.
The komodo dragon is moderately wounded.
The blink frog hits you.
The blink frog blinks!
The komodo dragon is engulfed in dark miasma.
The komodo dragon is poisoned.
The komodo dragon bites you but does no damage.
The magic dart hits the komodo dragon.
The komodo dragon is heavily wounded.
The blink frog hits you!
The komodo dragon is engulfed in dark miasma.
The komodo dragon looks even sicker.
The komodo dragon bites you!!
* * * LOW HITPOINT WARNING * * *
You shudder from the blow and a jelly pops out!
The blink frog hits you!
* * * LOW HITPOINT WARNING * * *
You hit the komodo dragon. You drain the komodo dragon.
The komodo dragon is severely wounded.
The blink frog blinks!
The komodo dragon is engulfed in dark miasma.
The komodo dragon looks even sicker.
You kill the komodo dragon!
The blink frog hits you!
You die...

..........................
...........................
.......†...................
..........................
.......†.........P§##§#.###
....##.....##....#.........
....####.####....#..F......
....##.....+..JF.#F........
....##.....##...@☼F........
....##.....##....#.........
....##.....+.....#.........
.....#.....##....#.........
....###'#####....###..##.#.
....###.#####..... .... ..
.................. ..... .
.################## #####
##


You could see 4 blink frogs and a friendly acid blob (summoned).

Vanquished Creatures
  A boulder beetle (D:11)
  Pikel (D:5)
  A manticore (D:11)
  A komodo dragon (Lair:1)
  A troll (D:11)
  A hornet (D:9)
  Prince Ribbit (D:5)
  5 blink frogs (Lair:1)
  2 wyverns
  A shadow (D:9)
  A vampire (D:11)
  4 fire bats (D:10)
  10 yaks
  2 wraiths
  2 wargs (D:8)
  Edmund (D:5)
  2 acid dragons
  A hell hound (D:10)
  3 water moccasins
  An ice beast (D:6)
  A sky beast (D:7)
  2 orc warriors
  A black bear (D:8)
  5 centaurs
  An ogre (D:4)
  A lemure (D:5)
  4 bullfrogs
  A gnoll sergeant (D:9)
  4 scorpions
  A wight (D:8)
  7 killer bees
  7 howler monkeys
  2 lava snakes (D:10)
  4 orc priests
  3 hounds
  Jessica (D:2)
  An iguana (D:5)
  10 orc wizards
  Robin (D:4)
  A gnoll (D:9)
  5 adders
  A shadow imp (D:7)
  A white imp (D:7)
  A worm (D:5)
  2 dart slugs
  28 orcs
  11 ball pythons
  6 endoplasms
  2 giant cockroaches
  25 goblins
  11 hobgoblins
  3 jackals (D:2)
  13 kobolds
  3 quokkas
  3 bats
  2 frilled lizards
  7 rats
  3 fire vortices (D:10)
227 creatures vanquished.

Vanquished Creatures (collateral kills)
  Josephine (D:11)
  Erolcha (D:9)
  Urug (D:11)
  2 gargoyles
  A troll (D:11)
  3 wraiths
  A warg (D:8)
  An orc warrior (D:9)
  A centaur (D:6)
  A kobold brigand (D:11)
  A killer bee (D:7)
  A howler monkey (D:8)
  2 orc priests (D:8)
  2 orc wizards (D:8)
  4 gnolls (D:9)
  3 orcs
26 creatures vanquished.

Vanquished Creatures (others)
  The ghost of dang3rdave the Fighter, a journeyman GrCK of Cheibriados (D:11)
  A wraith (D:10)
  A black bear (D:4)
  An ogre (D:6)
  A lemure (D:5)
  A bullfrog (D:9)
  A scorpion (D:6)
  5 killer bees (D:8)
  18 jellies
  2 hounds
  An orc wizard (D:8)
  An adder (D:6)
  2 white imps
  An ufetubus (D:6)
  An endoplasm (D:4)
  5 orcs
  A rat (D:3)
  A fungus (Lair:1)
45 creatures vanquished.

Grand Total: 298 creatures vanquished

Notes
Turn   | Place    | Note
-------+----------+-------------------------------------------
     0 | D:1      | gobodom the Demonspawn Hedge Wizard began the quest for the
                  | Orb.
     0 | D:1      | Reached XP level 1. HP: 13/13 MP: 4/4
   151 | D:1      | Gained mutation: You may rarely emit foul miasma when
                  | damaged in melee. [demonic ancestry]
   151 | D:1      | Reached XP level 2. HP: 19/19 MP: 0/6
  1010 | D:1      | Reached XP level 3. HP: 24/24 MP: 3/7
  1453 | D:2      | Noticed Jessica
  1458 | D:2      | Killed Jessica
  1837 | D:2      | Gained mutation: You sometimes emit foul miasma when
                  | damaged in melee. [demonic ancestry]
  1837 | D:2      | Reached XP level 4. HP: 31/31 MP: 1/9
  2273 | D:2      | Found a faded altar of an unknown god.
  2340 | D:2      | Prayed at the altar of an unknown god.
  2340 | D:2      | Became a worshipper of Jiyva Jicver the Shapeless
  2340 | D:2      | Reached * piety under Jiyva
  2750 | D:3      | Reached skill level 4 in Spellcasting
  2830 | D:3      | Reached XP level 5. HP: 36/36 MP: 6/11
  2852 | D:3      | Reached ** piety under Jiyva
  3298 | D:4      | Noticed an ogre
  3308 | D:4      | Killed an ogre
  3309 | D:4      | Reached skill level 1 in Fighting
  3374 | D:4      | Noticed a black bear
  3409 | D:4      | Killed a black bear
  3487 | D:4      | Gained mutation: You are partially covered in slimy green
                  | scales. (AC +2) [demonic ancestry]
  3487 | D:4      | Reached XP level 6. HP: 43/43 MP: 8/12
  3533 | D:4      | Noticed Robin
  3549 | D:4      | Killed Robin
  3730 | D:4      | Reached *** piety under Jiyva
  3742 | D:4      | Gained mutation: Your melee attacks may engulf your foes in
                  | ooze. [Jiyva's grace]
  3742 | D:4      | Gained mutation: You have sharp fingernails. [Jiyva's
                  | grace]
  3742 | D:4      | Gained mutation: You have very sharp fingernails. [Jiyva's
                  | grace]
  3742 | D:4      | Gained mutation: You have claws for hands. [Jiyva's grace]
  3780 | D:4      | Reached skill level 1 in Short Blades
  3789 | D:4      | Found an ancient bone altar of Kikubaaqudgha.
  3987 | D:4      | Learned a level 2 spell: Blink
  3990 | D:4      | Learned a level 2 spell: Call Imp
  4030 | D:5      | Entered Level 5 of the Dungeon
  4055 | D:5      | Found a broken altar of Ashenzari.
  4112 | D:5      | Reached skill level 5 in Spellcasting
  4216 | D:5      | Noticed Prince Ribbit
  4221 | D:5      | Reached skill level 1 in Translocations
  4221 | D:5      | Reached XP level 7. HP: 46/48 MP: 12/14
  4222 | D:5      | Noticed Edmund
  4243 | D:5      | Killed Edmund
  4283 | D:5      | Killed Prince Ribbit
  4284 | D:5      | Reached XP level 8. HP: 28/56 MP: 16/16
  4323 | D:5      | Found a blossoming altar of Fedhas.
  4392 | D:5      | Noticed Pikel
  4405 | D:5      | Killed Pikel
  4406 | D:5      | Reached skill level 6 in Spellcasting
  4406 | D:5      | Reached skill level 5 in Conjurations
  4440 | D:5      | Reached **** piety under Jiyva
  4793 | D:5      | Learned a level 3 spell: Mephitic Cloud
  5032 | D:6      | Reached ***** piety under Jiyva
  5136 | D:6      | Reached XP level 9. HP: 47/62 MP: 18/18
  5160 | D:6      | Lost mutation: You have claws for hands. [Jiyva's grace]
  5160 | D:6      | Gained mutation: Your body has grown eyes which may confuse
                  | attackers. (Acc +3) [Jiyva's grace]
  5160 | D:6      | Gained mutation: Your body has grown many eyes which may
                  | confuse attackers. (Acc +5) [Jiyva's grace]
  5160 | D:6      | Gained mutation: Your body is covered in eyes which may
                  | confuse attackers. (Acc +7, SInv) [Jiyva's grace]
  5160 | D:6      | Gained mutation: Your spells are a little harder to cast,
                  | but a little more powerful. [Jiyva's grace]
  5372 | D:6      | Found a staircase to the Ecumenical Temple.
  6006 | D:7      | Found a radiant altar of Vehumet.
  6244 | D:7      | Reached skill level 5 in Dodging
  6244 | D:7      | Reached skill level 7 in Spellcasting
  6314 | D:7      | Reached skill level 1 in Air Magic
  6676 | D:8      | Noticed a +0 dagger
  6732 | D:8      | Identified the +1 cloak "Gumoijal" {rPois Str+3}
  6778 | D:8      | Noticed a +0 hand axe
  6779 | D:8      | Found a hide-covered altar of Uskayaw.
  6793 | D:8      | Reached skill level 1 in Poison Magic
  6909 | D:8      | Found a staircase to the Lair.
  6940 | D:8      | Gained mutation: You have a small tail. [demonic ancestry]
  6940 | D:8      | Reached XP level 10. HP: 55/70 MP: 21/21
  7009 | D:8      | Found an ancient bone altar of Kikubaaqudgha.
  7009 | D:8      | Found an ornate altar of the Wu Jian Council.
  7561 | D:9      | Found a runed translucent door.
  7580 | D:9      | Found a runed translucent door.
  7584 | D:9      | Noticed an obsidian statue
  7599 | D:9      | Found a runed translucent door.
  7613 | D:9      | Found a runed translucent door.
  7634 | D:9      | Reached skill level 5 in Short Blades
  7657 | D:9      | Lost mutation: Your spells are a little harder to cast, but
                  | a little more powerful. [Jiyva's grace]
  7657 | D:9      | Lost mutation: Your body is covered in eyes which may
                  | confuse attackers. (Acc +7, SInv) [Jiyva's grace]
  7657 | D:9      | Gained mutation: Your body is covered in eyes which may
                  | confuse attackers. (Acc +7, SInv) [Jiyva's grace]
  7657 | D:9      | Gained mutation: You are covered in slimy tendrils that may
                  | disarm your opponents. [Jiyva's grace]
  7657 | D:9      | Gained mutation: You have a small jelly attached to you
                  | that may absorb projectiles. [Jiyva's grace]
  7657 | D:9      | Gained mutation: You have claws for hands. [Jiyva's grace]
  7732 | D:9      | Noticed Erolcha
  7745 | D:9      | Killed Erolcha
  7746 | D:9      | Reached skill level 8 in Spellcasting
  7891 | D:9      | Found a shadowy altar of Dithmenos.
  7892 | D:9      | Found a hazy altar of Hepliaklqana.
  8020 | D:9      | Noticed a gargoyle
  8031 | D:9      | Killed a gargoyle
  8032 | D:9      | Reached skill level 5 in Stealth
  8348 | D:10     | Entered Level 10 of the Dungeon
  8398 | D:10     | You fall into a shaft and drop 1 floor!
  8407 | D:11     | Killed dang3rdave's ghost
  8410 | D:11     | Noticed a boulder beetle
  8419 | D:11     | Noticed a manticore
  8423 | D:11     | Killed a manticore
  8424 | D:11     | Killed a boulder beetle
  8425 | D:11     | Reached XP level 11. HP: 47/78 MP: 14/23
  8568 | D:11     | Found a runed translucent gate.
  8568 | D:11     | Found a runed translucent gate.
  8568 | D:11     | Found a runed translucent gate.
  8569 | D:11     | Noticed a great orb of eyes
  8575 | D:11     | Found a viscous altar of Jiyva.
  8794 | D:11     | Noticed Urug
  8794 | D:11     | Noticed Josephine
  8800 | D:11     | Killed Josephine
  8804 | D:11     | Killed Urug
  8814 | D:11     | Reached skill level 9 in Spellcasting
  9087 | D:10     | Found a sparkling altar of Nemelex Xobeh.
  9572 | D:10     | Lost mutation: Your body is covered in eyes which may
                  | confuse attackers. (Acc +7, SInv) [Jiyva's grace]
  9572 | D:10     | Lost mutation: Your body has grown many eyes which may
                  | confuse attackers. (Acc +5) [Jiyva's grace]
  9572 | D:10     | Lost mutation: Your melee attacks may engulf your foes in
                  | ooze. [Jiyva's grace]
  9572 | D:10     | Gained mutation: Your rubbery body absorbs attacks. (AC +1,
                  | EV +1) [Jiyva's grace]
  9572 | D:10     | Gained mutation: Your pliable body absorbs attacks. (AC +2,
                  | EV +2) [Jiyva's grace]
  9572 | D:10     | Gained mutation: Your gelatinous body deflects attacks. (AC
                  | +3, EV +3) [Jiyva's grace]
  9572 | D:10     | Gained mutation: Armour fits poorly on your pseudopods.
                  | [Jiyva's grace]
  9645 | D:10     | Identified the +6 dagger "Sumiown" {holy, rElec Will++
                  | Stlth+}
  9716 | D:10     | Found Sesy's General Store.
 10000 | Lair:1   | Entered Level 1 of the Lair of Beasts
 10039 | Lair:1   | Reached skill level 5 in Fighting
 10123 | Lair:1   | Slain by a blink frog

Illustrated notes

Levels and vault maps discovered:
D:1:      amcnicky_arrival_wind_blow, layout_basic, minmay_3d_cube
D:2:      layout_basic, hellmonk_ecumenical_altar_pennies_from_heaven,
          uniq_jessica
D:3:      layout_basic, hangedman_decor_riveting, st_stairs_8
D:4:      layout_loops_ring, st_stairs_14, minmay_ruined_shrine, uniq_robin
D:5:      layout_gridville, evilmike_ruin_ashenzari,
          fedhas_bush_and_centaur_altar, uniq_pikel, uniq_edmund,
          uniq_prince_ribbit1
D:6:      layout_basic, minmay_temple_entry_statues
D:7:      layout_loops_ring, mainiacjoe_overflow_brackets
D:8:      minmay_inner_zag, layout_basic, nicolae_overflow_crystal_walls,
          dancing_weapons_uskayaw, mainiacjoe_overflow_divided_tiny,
          erik_lair_orcish_takeover, serial_curves, eino_curves_04,
          eino_curves_04
D:9:      layout_gridville, riverfiend_overflow_shadow_ancestor,
          minmay_statue_crystal_thing, uniq_erolcha
D:10:     layout_irregular_city, nicolae_overflow_hidden_temple, serial_shops,
          shop, hangedman_incinerator
D:11:     layout_long_grid, gammafunk_ghost_ooze, uniq_urug, uniq_josephine
Lair:1:   layout_regular_city, serial_bayou_shore_a

Skill      XL: |  1  2  3  4  5  6  7  8  9 10 11 |
---------------+----------------------------------+-----
Dodging        | 2 3 4 5 6 7 |  7.0
Stealth        | 2 3 4 5 6 |  6.2
Conjurations   | 2 3 4 5 6 7 8 |  8.3
Spellcasting   | 4 5 6 7 8 9 |  9.4
Fighting       | 1 2 3 4 5 |  5.1
Short Blades   | 1 2 3 4 6 |  6.8
Translocations | 1 |  1.6
Summonings     | 2 3 |  3.6
Air Magic      | 1 |  1.8
Poison Magic   | 1 2 |  2.0
Axes           | |  0.5
Evocations     | |  0.2

Action                   |  1- 3 |  4- 6 |  7- 9 | 10-12 || total
-------------------------+-------+-------+-------+-------++-------
Melee: Dagger            |    41 |    51 |   196 |   246 ||   534
       Hand axe          |       |    15 |       |       ||    15
       Punch             |       |       |     2 |     4 ||     6
       Tailslap          |       |       |       |    51 ||    51
       Pseudopods        |       |       |       |     6 ||     6
 Cast: Magic Dart        |    85 |   140 |    85 |   156 ||   466
       Call Imp          |       |     3 |     6 |     3 ||    12
       Blink             |       |     1 |     1 |     1 ||     3
       Mephitic Cloud    |       |       |    13 |     4 ||    17
Invok: Oozemancy         |       |       |     1 |     4 ||     5
Evoke: Wand              |       |       |       |     2 ||     2
  Use: Scroll            |       |     8 |     3 |     2 ||    13
       Potion            |       |       |     1 |       ||     1
 Stab: Sleeping          |       |     1 |     1 |     5 ||     7
       Confused          |       |       |     2 |    11 ||    13
Armor: Robe              |     9 |    11 |    28 |    58 ||   106
Dodge: Dodged            |    37 |    35 |   129 |   150 ||   351

Table legend: (Time is in decaauts)
 A = Elapsed time spent in this place.
 B = Non-inter-level travel time spent in this place.
 C = Inter-level travel time spent in this place.
 D = Time resting spent in this place.
 E = Time spent auto-exploring this place.
 F = Levels seen in this place.
 G = Mean time per level.
                   A        B        C        D        E       F      G
               +--------+--------+--------+--------+--------+-----+--------+
         Total |  10046 |   9463 |    583 |     27 |   7252 |  12 |  837.2 |
       Dungeon |   9935 |   9352 |    583 |     27 |   7217 |  11 |  903.2 |
          Lair |    111 |    111 |      0 |      0 |     35 |   1 |  111.0 |
               +--------+--------+--------+--------+--------+-----+--------+

Top non-repeatable levels by time:
     D:1: 1438 daAuts
     D:2: 1161 daAuts
     D:6: 1122 daAuts
     D:8: 950 daAuts
     D:9: 866 daAuts
     D:4: 793 daAuts
     D:5: 756 daAuts
    D:10: 751 daAuts
     D:7: 735 daAuts
    D:11: 718 daAuts
     D:3: 641 daAuts
  Lair:1: 111 daAuts
